 Dungeon Crawl Stone Soup version 0.28.0-62-gf88900778d (webtiles) character file.

Game seed: 3115880879046765062

270 execc the Ducker (level 6, -2/44 HPs)
             Began as an Octopode Berserker on Mar 23, 2024.
             Was a Believer of Trog.
             Slain by a gnoll shaman
             ... wielding a +0 club
              (8 damage)
             ... on level 4 of the Dungeon.
             The game lasted 00:02:43 (3380 turns).

execc the Ducker (Octopode Berserker)               Turns: 3380, Time: 00:02:44

Health: -2/44      AC:  1    Str: 19      XL:     6   Next: 22%
Magic:  0/15       EV: 15    Int:  5 (7)  God:    Trog [**....]
Gold:   185        SH:  0    Dex: 17      Spells: 5/5 levels left

rFire   . . .      SeeInvis .   a - +0 spear
rCold   . . .      Faith    .   (no shield)
rNeg    . . .      Spirit   +   (helmet restricted)
rPois   .          Reflect  .   e - amulet of guardian spirit
rElec   .          Harm     .   b - +6 ring of dexterity
rCorr   .          Rampage  .   i - ring of magical power
Will    .....                   (no ring)
Stlth   +++.......              (no ring)
HPRegen 0.14/turn               (no ring)
MPRegen 0.14/turn               (no ring)
                                (no ring)
                                (no ring)

@: brilliant, weak-willed, on berserk cooldown, slowed, very slow
A: almost no armour, amphibious, 8 rings, camouflage 1, gelatinous body 1,
(nimble swimmer 1), tentacles, tentacle spike 1, dopey 1
a: Renounce Religion, Berserk, Trog's Hand


You were on level 4 of the Dungeon.
You worshipped Trog.
Trog was pleased with you.
You visited 1 branch of the dungeon, and saw 4 of its levels.

You collected 185 gold pieces.

Inventory:

Hand Weapons
 a - a +0 spear (weapon)
Jewellery
 b - a +6 ring of dexterity (left tentacle)
 c - a ring of ice
 e - an amulet of guardian spirit (around mantle)
 i - a ring of magical power (right tentacle)
Scrolls
 g - 2 scrolls of vulnerability
 j - a scroll of enchant weapon


   Skills:
 + Level 4.5 Fighting
 + Level 4.5 Polearms
 + Level 4.6 Dodging


You had 5 spell levels left.
You didn't know any spells.
Your spell library was empty.

Dungeon Overview and Level Annotations

Branches:
Dungeon (4/15)
 Temple: D:4-7

Altars:
Elyvilon


Innate Abilities, Weirdness & Mutations

You cannot wear most types of armour.
You are amphibious.
You can wear up to eight rings at the same time.
Your skin changes colour to match your surroundings (Stealth+).
Your rubbery body absorbs attacks. (AC +1, EV +1)
((You are camouflaged when in or above water. (Stealth+)))
You have tentacles for arms and can constrict up to eight enemies at once.
One of your tentacles bears a spike.
You are dopey. (Int -2)


Message History

You are outlined in light.
You feel a strong urge to attack something.
A gnoll comes into view. It is wielding a +0 halberd.
You feel your anger nearly subside.
You are no longer berserk.
You are exhausted.
You feel yourself slow down.
The gnoll shaman calls upon its god to speed up something.
You aren't carrying any items that you can evoke.
As you read the scroll labelled JORUM DAJAI, it crumbles to dust.
Magic quickly surges around you.
It was a scroll of vulnerability.
As you read the scroll labelled NAAL GICICSEI, it crumbles to dust.
It is a scroll of identify.
j - a scroll of enchant weapon
As you read the scroll labelled MUAPIV SIONG, it crumbles to dust.
You hear a loud clanging noise!
It was a scroll of noise.
The gnoll hits you from afar with a +0 halberd.
The gnoll shaman barely misses you.
The gnoll hits you from afar with a +0 halberd.
As you read the scroll labelled WUAGYO NIKI, it crumbles to dust.
The scroll dissolves into smoke.
It was a scroll of fog.
The gnoll misses you. The gnoll shaman closely misses you.
The gnoll misses you.
The gnoll shaman hits you with a +0 club!
The gnoll closely misses you.
It was a potion of brilliance.
You feel clever all of a sudden. The gnoll closely misses you.
The gnoll shaman barely misses you. The gnoll barely misses you.
The gnoll shaman completely misses you. The gnoll closely misses you.
The gnoll shaman hits you with a +0 club.
* * * LOW HITPOINT WARNING * * *
The gnoll hits you from afar with a +0 halberd.
* * * LOW HITPOINT WARNING * * *
You are no longer glowing.
The gnoll hits you from afar with a +0 halberd.
* * * LOW HITPOINT WARNING * * *
The gnoll misses you.
The gnoll shaman hits you with a +0 club!
You die...

######.##....#........#
.# ...#
#########......§.# #
...# #.....§§§# ...#
#....§§§§# ...#
#....§§§§# ...#
#....§§§§# ...#
#.....§.§# ...#
#..g.g...# ...#
#..@.....# #........#
.....####### #.....
#..... #..... #.....
#.....


You could see a gnoll shaman (weak-willed) and a gnoll (fast, weak-willed).

Vanquished Creatures
  A hound (D:4)
  An orc priest (D:4)
  2 iguanas
  An orc wizard (D:4)
  An adder (D:2)
  3 gnolls (D:4)
  A white imp (D:4)
  A worm (D:2)
  3 dart slugs
  12 orcs
  3 ball pythons
  6 bats
  2 endoplasms
  4 giant cockroaches
  10 goblins
  3 hobgoblins
  2 jackals (D:3)
  2 quokkas (D:1)
  3 frilled lizards
  6 kobolds
  9 rats
  A spectral hobgoblin (D:2)
77 creatures vanquished.

Notes
Turn   | Place    | Note
-------+----------+-------------------------------------------
     0 | D:1      | execc the Octopode Berserker began the quest for the Orb.
     0 | D:1      | Reached XP level 1. HP: 16/16 MP: 1/1
   164 | D:1      | Reached XP level 2. HP: 21/21 MP: 2/2
   885 | D:2      | Reached XP level 3. HP: 21/26 MP: 3/3
  1019 | D:2      | Found a faded altar of an unknown god.
  1024 | D:2      | Reached ** piety under Trog
  1059 | D:2      | Found a white marble altar of Elyvilon.
  1117 | D:2      | Reached XP level 4. HP: 32/32 MP: 4/4
  1479 | D:2      | Gained mutation: You are dopey. (Int -2) [potion of
                  | mutation]
  1479 | D:2      | Gained mutation: One of your tentacles bears a spike.
                  | [potion of mutation]
  2159 | D:4      | Reached XP level 5. HP: 15/37 MP: 5/5
  3205 | D:4      | Reached XP level 6. HP: 44/44 MP: 6/6
  3380 | D:4      | Slain by a gnoll shaman

Illustrated notes

Levels and vault maps discovered:
D:1:      matt_arrival_diagonals, layout_basic, chequers_decorated_corner
D:2:      minmay_chambers_of_ones, layout_rooms, basic_altar,
          dreamdust_ecumenical_altar_drowned_temple
D:3:      layout_rooms, kennysheep_generic_room_4
D:4:      layout_gridville, minmay_tree_intersection

Skill      XL: |  1  2  3  4 |
---------------+-------------+-----
Fighting       | 4 |  4.5
Polearms       | 4 |  4.5
Dodging        | 4 |  4.6

Action                   |  1- 3 |  4- 6 || total
-------------------------+-------+-------++-------
Melee: Spear             |    57 |   103 ||   160
       Tentacles         |    10 |    16 ||    26
       Constrict         |    10 |    31 ||    41
       Kick              |       |    25 ||    25
Invok: Berserk           |       |     3 ||     3
  Use: Potion            |       |     4 ||     4
       Scroll            |       |     4 ||     4
 Stab: Sleeping          |     8 |     9 ||    17
Armor: Skin              |       |     1 ||     1
Dodge: Dodged            |    13 |    49 ||    62
